 Dungeon Sprint DCSS version 0.29-a0-857-g9b1aa3ac5b (webtiles) character file.

Game seed: 17175482333016824518

251 manyhoops the Grappler (level 5, -2/62 HPs)
             Began as a Troll Berserker on July 16, 2022.
             Was a Follower of Trog.
             Slain by a neqoxec (9 damage)
             ... in the Dungeon (Sprint II: "The Violet Keep of Menkaure").
             The game lasted 00:00:16 (37 turns).

manyhoops the Grappler (Troll Berserker)              Turns: 37, Time: 00:00:17

Health: -2/62      AC:  3    Str: 27    XL:     5   Next: 88%
Magic:  4/4        EV: 10    Int: -1 (3) God:    Trog [*.....]
Gold:   0          SH:  0    Dex:  9    Spells: 4/4 levels left

rFire   . . .      SeeInvis .     - Unarmed
rCold   . . .      Faith    .   (no shield)
rNeg    . . .      Spirit   .   a - +0 animal skin
rPois   .          Reflect  .   (helmet restricted)
rElec   .          Harm     .   (no cloak)
rCorr   .          Rampage  .   (gloves unavailable)
Will    .....      NoTele   +   (boots unavailable)
Stlth   +.........              (no amulet)
HPRegen 1.00/turn               (no ring)
MPRegen 0.09/turn               (no ring)

@: on berserk cooldown, slowed, lost intelligence, unable to read, very slow
A: large, unfitting armour, claws 3, regeneration 1, shaggy fur 1, tough skin 1,
deformed body, subdued magic 1
a: Renounce Religion, Berserk


You were in the Dungeon.
You worshipped Trog.
Trog was aware of your devotion.
You visited 1 branch

Inventory:

Armour
 a - a +0 animal skin (worn)
Scrolls
 g - a scroll of blinking
Potions
 b - a potion of curing
 c - a potion of heal wounds
 d - a potion of haste
 e - 2 potions of magic
 f - a potion of berserk rage


   Skills:
 + Level 7.4 Fighting
 - Level 2.4 Dodging
 + Level 9.5 Unarmed Combat


You had 4 spell levels left.
You didn't know any spells.
Your spell library was empty.

Dungeon Overview and Level Annotations

Branches:
Dungeon (1/1)

Altars:

Annotations:
D Menkaure


Innate Abilities, Weirdness & Mutations

You are too large for most types of armour.
You have claws for hands.
Your natural rate of healing is unusually fast.
You are covered in fur. (AC +1)
You have tough skin. (AC +1)
Armour fits poorly on your strangely shaped body.
Your spells are a little easier to cast, but a little less powerful.


Message History

The neqoxec hits you!
You barely miss the neqoxec.
The neqoxec is severely wounded.
The neqoxec gestures at you.
You feel dopey.
You have lost your intelligence.
Something feeds on your intellect! The neqoxec gestures at you.
You feel dopey. Something feeds on your intellect!
Menkaure shouts, "You disturbed my rest!
Die!"
The neqoxec completely misses you. The neqoxec gestures at you.
Something tries to feed on your intellect!
The neqoxec hits you but does no damage.
You can move again.
Unknown command.
The neqoxec hits you but does no damage.
The neqoxec completely misses you.
Unknown command.
The neqoxec gestures at you.
Strange energies course through your body.
Your body twists and deforms.
Unknown command.
The neqoxec hits you. The neqoxec hits you! The neqoxec gestures at you.
Strange energies course through your body.
Your connection to magic feels subdued.
The neqoxec misses you.
The neqoxec hits you but does no damage.
Unknown command.
The neqoxec hits you.
Unknown command.
The neqoxec hits you!
* * * LOW HITPOINT WARNING * * *
The neqoxec gestures at you.
Something tries to feed on your intellect!
The neqoxec hits you!
* * * LOW HITPOINT WARNING * * *
The neqoxec hits you!
You die...

+++
...
#M##
##33.#
#@##
##.##
##'#
##.##
+.<.+
##.##
#+#


You could see 2 neqoxecs and Menkaure.

Vanquished Creatures
  2 neqoxecs (D)
2 creatures vanquished.

Notes
Turn   | Place    | Note
-------+----------+-------------------------------------------
     0 | D        | manyhoops the Troll Berserker began the quest for the Orb.
     0 | D        | Reached XP level 1. HP: 22/22 MP: 0/0
     1 | D        | Noticed a neqoxec
     6 | D        | Noticed a neqoxec
    15 | D        | Killed a neqoxec
    16 | D        | Reached skill level 7 in Unarmed Combat
    16 | D        | Reached XP level 2. HP: 36/36 MP: 1/1
    16 | D        | Reached XP level 3. HP: 44/44 MP: 2/2
    16 | D        | Reached XP level 4. HP: 52/52 MP: 3/3
    18 | D        | Killed a neqoxec
    19 | D        | Reached skill level 9 in Unarmed Combat
    19 | D        | Reached XP level 5. HP: 62/62 MP: 4/4
    20 | D        | Noticed a neqoxec
    20 | D        | Noticed a neqoxec
    23 | D        | Noticed Menkaure
    26 | D        | Lost intelligence.
    30 | D        | Gained mutation: Armour fits poorly on your strangely
                  | shaped body. [a neqoxec]
    32 | D        | Gained mutation: Your spells are a little easier to cast,
                  | but a little less powerful. [a neqoxec]
    37 | D        | Slain by a neqoxec

Illustrated notes

Levels and vault maps discovered:
D:        the_violet_keep_of_menkaure [sprint2_stairs_cluster_1,
          sprint2_shoproom, sprint2_temple, sprint2_basic_supplies,
          sprint2_obstacle_1, sprint2_obstacle_6, sprint2_obstacle_3,
          sprint2_obstacle_7, sprint2_obstacle_4, sprint2_timed_cluster_1,
          sprint2_smallroom_cluster_1, sprint2_smallroom_final_cluster_1,
          sprint2_transparent_cluster_1, sprint2_second_timed_cluster_1,
          sprint2_sniper_area_1, sprint2_heavy_combat_area_1,
          sprint2_mutation_trap_area_1, sprint2_forest_area_1,
          sprint2_light_combat_area_1, sprint2_behind_water_1,
          sprint2_near_end_vault_1]

Skill      XL: |  1  2  3  4 |
---------------+-------------+-----
Fighting       | 6 7 |  7.4
Unarmed Combat | 7 9 |  9.5
Dodging        | |  2.4

Action                   |  1- 3 |  4- 6 || total
-------------------------+-------+-------++-------
Melee: Unarmed           |    13 |     8 ||    21
Invok: Berserk           |     1 |       ||     1
Armor: Animal skin       |       |     5 ||     5
Dodge: Dodged            |     4 |     5 ||     9

Table legend: (Time is in decaauts)
 A = Elapsed time spent in this place.
 B = Non-inter-level travel time spent in this place.
 C = Inter-level travel time spent in this place.
 D = Time resting spent in this place.
 E = Time spent auto-exploring this place.
 F = Levels seen in this place.
 G = Mean time per level.
                   A        B        C        D        E       F      G
               +--------+--------+--------+--------+--------+-----+--------+
         Total |     36 |     36 |      0 |      0 |      0 |   1 |   36.0 |
       Dungeon |     36 |     36 |      0 |      0 |      0 |   1 |   36.0 |
               +--------+--------+--------+--------+--------+-----+--------+

Top non-repeatable levels by time:
       D: 36 daAuts
